 Dungeon Crawl Stone Soup version 0.31-a0-271-gb88eb75e06 (webtiles) character file.

Game seed: 17820923323135943914

93 worthlessgem the Changeling (level 4, -2/33 HPs)
             Began as a Djinni Shapeshifter on July 14, 2023.
             Slain by an orc
             ... wielding a +0 flail
              (10 damage)
             ... on level 3 of the Dungeon.
             The game lasted 00:05:40 (2518 turns).

worthlessgem the Changeling (Djinni Shapeshifter)   Turns: 2518, Time: 00:05:41

Health: -2/33      AC:  2    Str: 14    XL:     4   Next: 92%
Gold:   39         EV: 12    Int: 11    God:
                   SH:  0    Dex: 14

rFire   + +          .
                       - Unarmed
rCold   x . .        (no shield)
rNeg    . . .        a - +0 animal skin
rPois   ∞            (helmet currently unavailable)
rElec   .            (cloak currently unavailable)
rCorr   .            (gloves currently unavailable)
SInv    .            (boots unavailable)
Will    .....        (no amulet)
Stlth   +            (no ring)
HPRegen 0.25/turn    (no ring)
MPRegen 0.00/turn

%: infuse magic (-3 HP)
@: beast-form, flying
A: beast (slay +2), flying, sickness immunity, fire resistance 2, cold
vulnerability 1, float, innate caster, HP casting, extra vitality 1
a: Begin Untransformation


You were on level 3 of the Dungeon.
You were a hulking beast.
You visited 1 branch of the dungeon, and saw 3 of its levels.

You collected 39 gold pieces.

Inventory:

Hand Weapons
 e - a +0 war axe
Missiles
 f - 17 stones
 j - a throwing net
Armour
 a - a +0 animal skin (worn)
Talismans
 c - a beast talisman
Scrolls
 b - a scroll of amnesia {unknown}
 d - 3 scrolls of poison
 g - 2 scrolls of blinking {unknown}
 h - a scroll of fear {unknown}
 i - a scroll of identify {unknown}
Potions
 k - a potion of lignification
 l - 2 potions of enlightenment {unknown}


   Skills:
 - Level 2.0 Fighting
 - Level 2.1 Dodging
 - Level 2.0 Unarmed Combat
 - Level 2.0 Spellcasting
 - Level 2.0 Conjurations
 - Level 2.0 Hexes
 - Level 2.0 Summonings
 - Level 2.0 Necromancy
 - Level 2.0 Translocations
 - Level 2.0 Transmutations
 - Level 2.0 Fire Magic
 - Level 2.0 Ice Magic
 - Level 2.0 Air Magic
 - Level 2.0 Earth Magic
 - Level 2.0 Poison Magic
 + Level 3.5 Shapeshifting


You knew the following spells:

 Your Spells              Type           Power      Damage    Failure   Level
a - Freeze                Ice            20%        1d4       13%         1
Your spell library was empty.

Dungeon Overview and Level Annotations

Branches:
Dungeon (3/15)

Altars:

Shops:
D:2 *(*[


Innate Abilities, Weirdness & Mutations

You are a hulking beast.
Your limbs bulge with bestial killing power. (Slay +2)
You are flying.
You are immune to sickness and miasma.
You are immune to poison.
Your flesh is very heat resistant. (rF++)
You are vulnerable to cold. (rC-)
You float through the air rather than walking.
You learn spells naturally, not from books.
Your magical power is your life essence.
You have superior vitality. (+4 MHP)


Message History

An orc comes into view. It is wielding a +0 flail.
The orc shouts!
You see here a bat corpse.
You barely miss the orc. The orc hits you with a +0 short sword.
You barely miss the orc. The orc closely misses you.
You punch the orc!
You kill the orc!
Training target 2.0 for Spellcasting reached!
Your Spellcasting skill increases to level 2!
Your Conjurations skill increases to level 2!
Your Hexes skill increases to level 2!
Your Summonings skill increases to level 2!
Your Necromancy skill increases to level 2!
Your Translocations skill increases to level 2!
Your Transmutations skill increases to level 2!
Your Fire Magic skill increases to level 2!
Your Ice Magic skill increases to level 2!
Your Air Magic skill increases to level 2!
Your Earth Magic skill increases to level 2!
Your Poison Magic skill increases to level 2!
You hit the orc.
The orc is lightly wounded.
The orc hits you with a +0 flail.
You hit the orc but do no damage.
The orc is lightly wounded.
The orc barely misses you.
You hit the orc but do no damage.
The orc is lightly wounded.
The orc misses you.
You closely miss the orc.
The orc is lightly wounded.
The orc hits you with a +0 flail!
You hit the orc but do no damage.
The orc is lightly wounded.
The orc hits you with a +0 flail.
* * * LOW HITPOINT WARNING * * *
You hit the orc.
The orc is heavily wounded.
The orc hits you with a +0 flail!
You die...

.## ..o).# ..## .o...# ...#
.....# ...# (>...# ...# .....
...# ..o ...## ####.###.##
....################........#§
................hoo)).......##
...#################..........
...# #########.. ...# # ..##
.## ##


You could see 2 orcs.

Vanquished Creatures
  3 gnolls (D:2)
  An adder (D:2)
  2 dart slugs (D:1)
  3 orcs (D:3)
  2 endoplasms (D:1)
  6 goblins
  4 hobgoblins
  3 jackals (D:1)
  A quokka (D:1)
  2 ball pythons
  8 bats
  5 frilled lizards
  2 kobolds
  8 rats
50 creatures vanquished.

Notes
Turn   | Place    | Note
-------+----------+-------------------------------------------
     0 | D:1      | worthlessgem the Djinni Shapeshifter began the quest for
                  | the Orb.
     0 | D:1      | Reached XP level 1. HP: 18/18 MP: 0/0
   210 | D:1      | Reached XP level 2. HP: 23/23 MP: 0/0
   369 | D:1      | Reached skill level 1 in Spellcasting
   369 | D:1      | Reached skill level 1 in Conjurations
   369 | D:1      | Reached skill level 1 in Hexes
   369 | D:1      | Reached skill level 1 in Summonings
   369 | D:1      | Reached skill level 1 in Necromancy
   369 | D:1      | Reached skill level 1 in Translocations
   369 | D:1      | Reached skill level 1 in Transmutations
   369 | D:1      | Reached skill level 1 in Fire Magic
   369 | D:1      | Reached skill level 1 in Ice Magic
   369 | D:1      | Reached skill level 1 in Air Magic
   369 | D:1      | Reached skill level 1 in Earth Magic
   369 | D:1      | Reached skill level 1 in Poison Magic
   369 | D:1      | Reached skill level 3 in Shapeshifting
   427 | D:1      | Reached XP level 3. HP: 28/28 MP: 0/0
   427 | D:1      | Learned a level 1 spell: Freeze
  1118 | D:2      | Reached XP level 4. HP: 15/33 MP: 0/0
  1327 | D:2      | Found Wuwinosoacw's Armour Shop.
  1338 | D:2      | Found Tawnamuw's Assorted Antiques.
  1411 | D:2      | Found Jutean's Assorted Antiques.
  1416 | D:2      | Found Itobyr's Weapon Emporium.
  2518 | D:3      | Slain by an orc

Illustrated notes

Levels and vault maps discovered:
D:1:      sevenhm_arrival_forest_fort_large_2, layout_loops_ring
D:2:      layout_rooms, serial_co_window_serial, co_window_paths_b,
          co_window_paths_b, co_window_paths_a, co_window_paths_a,
          co_window_paths_b, co_window_broadway_b, co_window_2corner,
          co_window_corner_b, co_window_broadway_c, co_window_unsneaky_path_c,
          co_window_cross_3, glass_columns_a, serial_shops,
          nicolae_shop_waterfront, shop, shop, shop, minmay_small_reverse_x
D:3:      layout_rooms, kennysheep_ying_yang, gammafunk_temple_overflow_statue,
          feat_on_display, uniq_ijyb, uniq_natasha, uniq_jessica, uniq_robin

Skill      XL: |  1  2  3  4 |
---------------+-------------+-----
Spellcasting   | 1 2 |  2.0
Conjurations   | 1 2 |  2.0
Hexes          | 1 2 |  2.0
Summonings     | 1 2 |  2.0
Necromancy     | 1 2 |  2.0
Translocations | 1 2 |  2.0
Transmutations | 1 2 |  2.0
Fire Magic     | 1 2 |  2.0
Ice Magic      | 1 2 |  2.0
Air Magic      | 1 2 |  2.0
Earth Magic    | 1 2 |  2.0
Poison Magic   | 1 2 |  2.0
Shapeshifting  | 3 |  3.5
Fighting       | |  2.0
Dodging        | |  2.1
Unarmed Combat | |  2.0

Action                     |  1- 3 |  4- 6 || total
---------------------------+-------+-------++-------
  Melee: Unarmed           |    42 |    41 ||    83
         War axe           |    50 |    14 ||    64
         Punch             |     2 |     3 ||     5
  Throw: Stone             |       |     1 ||     1
    Use: Scroll            |       |     1 ||     1
         Potion            |       |     1 ||     1
   Stab: Sleeping          |     1 |       ||     1
 Armour: Animal skin       |    16 |     6 ||    22
         Skin              |       |     9 ||     9
  Dodge: Dodged            |    69 |    30 ||    99

Table legend: (Time is in decaauts)
 A = Elapsed time spent in this place.
 B = Non-inter-level travel time spent in this place.
 C = Inter-level travel time spent in this place.
 D = Time resting spent in this place.
 E = Time spent auto-exploring this place.
 F = Levels seen in this place.
 G = Mean time per level.
                   A        B        C        D        E       F      G
               +--------+--------+--------+--------+--------+-----+--------+
         Total |   2546 |   2329 |    217 |    214 |   1690 |   3 |  848.7 |
       Dungeon |   2546 |   2329 |    217 |    214 |   1690 |   3 |  848.7 |
               +--------+--------+--------+--------+--------+-----+--------+

Top non-repeatable levels by time:
     D:2: 1296 daAuts
     D:1: 1175 daAuts
     D:3: 74 daAuts
